 Dungeon Crawl Stone Soup version 0.30-a0-121-gb27577e5d9 (webtiles) character file.

Game seed: 7831427472150989111

9724 jlumianski the Cleaver (level 11, -8/124 HPs)
             Began as a Demonspawn Gladiator on Sept 14, 2022.
             Was a Believer of Qazlal.
             Mangled by a red ugly thing (17 damage)
             ... on level 11 of the Dungeon.
             The game lasted 00:40:20 (11507 turns).

jlumianski the Cleaver (Demonspawn Gladiator)      Turns: 11507, Time: 00:40:21

Health: -8/124     AC: 25    Str: 18    XL:     11   Next: 26%
Magic:  14/14      EV:  2    Int:  8    God:    Qazlal [**....]
Gold:   549        SH:  3    Dex: 31    Spells: 10/10 levels left

rFire   . . .      SeeInvis .    k - +2 executioner's axe (chaos)
rCold   . . .      Faith    .    (shield currently unavailable)
rNeg    . . .      Spirit   .    (body armour currently unavailable)
rPois   +          Reflect  .    (helmet currently unavailable)
rElec   .          Harm     .    (cloak unavailable)
rCorr   .          Rampage  .    (gloves currently unavailable)
Will    .....      NoTele   +    (boots currently unavailable)
Stlth   ++........               (no amulet)
HPRegen 0.30/turn                s - +6 ring of dexterity
MPRegen 0.14/turn                p - +6 ring of dexterity

@: tree-form
A: stationary, stasis, torment immunity, boosted hp, foul stench 1, (spiny 2),
(weakness stinger 3), (talons 1), agile 1
a: Renounce Religion, Upheaval


You were on level 11 of the Dungeon.
You worshipped Qazlal.
Qazlal was pleased with you.
You were a tree.
You visited 2 branches of the dungeon, and saw 12 of its levels.

You collected 607 gold pieces.
You spent 58 gold pieces at shops.

Inventory:

Hand Weapons
 b - a +4 dire flail of venom
 k - a +2 executioner's axe of chaos (weapon)
 r - a +2 short sword of venom
Missiles
 d - 3 throwing nets
 e - a silver boomerang
 g - 11 boomerangs
 D - 27 poisoned darts (quivered)
 L - 4 javelins
Armour
 c - a +0 helmet (melded)
 l - a +0 pair of gloves (melded)
 q - +0 acid dragon scales
 A - +0 storm dragon scales (melded)
Jewellery
 p - a +6 ring of dexterity (right branch)
 s - a +6 ring of dexterity (left branch)
Wands
 h - a wand of digging (4)
 n - a wand of paralysis (2)
 x - a wand of flame (31)
 C - a wand of polymorph (1)
Scrolls
 i - a scroll of torment
 j - 4 scrolls of teleportation
 o - a scroll of summoning
 y - 3 scrolls of fog
Potions
 a - a potion of heal wounds {unknown}
 m - a potion of flight
 u - a potion of might
 w - 2 potions of cancellation
 E - a potion of lignification
 M - a potion of haste


   Skills:
 + Level 6.7 Fighting
 + Level 11.5 Axes
 + Level 3.1 Throwing
 + Level 7.5 Armour
 + Level 3.7 Dodging
 + Level 1.0 Stealth
 + Level 0.6 Shields
 + Level 0.2 Unarmed Combat
 * Level 5.2 Invocations
 * Level 4.1 Evocations


You had 10 spell levels left.
You didn't know any spells.
Your spell library contained the following spells:

 Spells                   Type           Power      Damage    Failure   Level
 Magic Dart               Conj           0%         1d3       41%         1
 Summon Small Mammal      Summ           0%         N/A       41%         1
 Call Imp                 Summ           0%         N/A       54%         2
 Call Canine Familiar     Summ           0%         N/A       78%         3
 Mephitic Cloud           Conj/Pois/Air  0%         N/A       78%         3
 Summon Guardian Golem    Hex/Summ       0%         N/A       78%         3
 Malign Gateway           Summ/Tloc      0%         N/A       100%        7
 Orb of Destruction       Conj           0%         9d5       100%        7
 Spellforged Servitor     Conj/Summ      0%         N/A       100%        7
 Summon Horrible Things   Summ           0%         N/A       100%        8


Dungeon Overview and Level Annotations

Branches:
Dungeon (11/15)            Temple (1/1) D:7            Lair (0/5) D:8
    Orc: D:9-12

Altars:
Ashenzari
Dithmenos
Hepliaklqana
Kikubaaqudgha
Nemelex Xobeh
Okawaru
Qazlal
Ru
Trog
Uskayaw
Wu Jian
Xom

Shops:
D:9 *

Annotations:
D:11 Harold


Innate Abilities, Weirdness & Mutations

You are a tree.
Your roots penetrate the ground, keeping you stationary.
You cannot be teleported.
You are immune to unholy pain and torment.
Your maximum health is greatly increased.
Your equipment is partially melded.
You may rarely emit foul miasma when damaged in melee.
((You are mostly covered in sharp spines.))
((You have a sharp stinger which inflicts weakening toxins.))
((You have sharp toenails.))
You are agile. (Dex +4, Str/Int -1)


Message History

You kill the yak!
Qazlal accepts your kill. The yak barely misses you.
Your Evocations skill increases to level 4!
You struggle against the net.
The red ugly thing is engulfed in freezing vapours.
The red ugly thing is struck by your spines.
The red ugly thing tentacle-slaps you.
You are engulfed in flames!
Harold hits you from afar with a +0 halberd!
* * * LOW HITPOINT WARNING * * *
Unknown command.
Really quaff the potion of lignification?
You turn into a tree.
Your +0 helmet melds into your body.
Your +0 pair of gloves melds into your body.
Your +0 storm dragon scales melds into your body.
Your roots penetrate the ground.
The net rips apart!
The yak gores you but does no damage.
The red ugly thing is engulfed in freezing vapours.
The red ugly thing tentacle-slaps you.
* * * LOW HITPOINT WARNING * * *
You are engulfed in flames!!
* * * LOW HITPOINT WARNING * * *
An orc comes into view. It is wielding a +0 falchion.
You block Harold's attack.
You feel better. The yak gores you.
* * * LOW HITPOINT WARNING * * *
You emit a cloud of foul miasma!
The yak gores you.
* * * LOW HITPOINT WARNING * * *
The red ugly thing tentacle-slaps you but does no damage.
Harold hits you from afar with a +0 halberd!
* * * LOW HITPOINT WARNING * * *
You slash the yak!
The yak evaporates and reforms as a spriggan!
You hit the yak. You burn the yak. You hit the red ugly thing.
Harold hits you but does no damage.
The red ugly thing tentacle-slaps you but does no damage.
The yak gores you but does no damage. The red ugly thing tentacle-slaps you.
* * * LOW HITPOINT WARNING * * *
You are engulfed in flames!
You die...

##. #.. #.#
##.## #
#o.. ...
##o@##
.....#uY#<#
#Yi♣).#
#.##### .>
... ###


You could see Harold, a red ugly thing, 2 yaks, a spriggan and 2 orcs.

Vanquished Creatures
  5 two-headed ogres
  Psyche (D:9)
  2 hornets (D:9)
  A troll (D:8)
  A shadow (D:9)
  2 yaks (D:11)
  A steam dragon (D:7)
  An acid dragon (D:10)
  5 orc warriors
  2 ice beasts
  A sky beast (D:6)
  3 black bears
  An ogre (D:4)
  6 centaurs
  6 phantoms
  3 kobold brigands
  Blork the orc (D:4)
  8 bullfrogs
  A necrophage (D:4)
  A scorpion (D:6)
  8 wights
  6 killer bees (D:9)
  An electric eel (D:8)
  6 howler monkeys
  A gnoll bouda (D:6)
  2 jellies
  6 hounds
  8 orc priests
  2 iguanas
  Ijyb (D:2)
  Natasha (thrice) (D:3)
  12 orc wizards
  Robin (D:4)
  8 adders
  3 gnolls (D:6)
  A shadow imp (D:6)
  A white imp (D:6)
  An ufetubus (D:7)
  2 worms
  2 dart slugs
  52 orcs
  9 ball pythons
  3 bats
  4 endoplasms
  6 giant cockroaches
  24 goblins
  7 hobgoblins
  7 jackals
  3 quokkas
  7 frilled lizards
  18 kobolds
  5 rats
272 creatures vanquished.

Vanquished Creatures (collateral kills)
  An orc warrior (D:7)
  An orc priest (D:7)
2 creatures vanquished.

Vanquished Creatures (others)
  An orc (D:7)
  3 kobolds (D:7)
  8 fungi
  8 plants
  4 toadstools (D:5)
24 creatures vanquished.

Grand Total: 298 creatures vanquished

Notes
Turn   | Place    | Note
-------+----------+-------------------------------------------
     0 | D:1      | jlumianski the Demonspawn Gladiator began the quest for the
                  | Orb.
     0 | D:1      | Reached XP level 1. HP: 16/16 MP: 1/1
   191 | D:2      | Reached skill level 3 in Axes
   191 | D:2      | Gained mutation: You are partially covered in sharp spines.
                  | [demonic ancestry]
   191 | D:2      | Reached XP level 2. HP: 8/22 MP: 2/2
   283 | D:2      | Gained mutation: You may rarely emit foul miasma when
                  | damaged in melee. [demonic ancestry]
   283 | D:2      | Reached XP level 3. HP: 18/27 MP: 3/3
   444 | D:3      | Noticed a phantom
  1110 | D:1      | Gained mutation: You have sharp toenails. [potion of
                  | mutation]
  1110 | D:1      | Gained mutation: You are agile. (Dex +4, Str/Int -1)
                  | [potion of mutation]
  1310 | D:2      | Reached XP level 4. HP: 31/34 MP: 4/4
  1430 | D:2      | Found a faded altar of an unknown god.
  1684 | D:3      | Noticed Ijyb
  1692 | D:2      | Killed Ijyb
  1693 | D:2      | Reached skill level 4 in Axes
  2107 | D:2      | Killed a phantom
  2108 | D:2      | Reached skill level 1 in Armour
  2108 | D:2      | Reached XP level 5. HP: 25/39 MP: 5/5
  2324 | D:3      | Noticed Natasha
  2381 | D:3      | Killed Natasha
  2436 | D:3      | Noticed Natasha
  2444 | D:3      | Killed Natasha
  2445 | D:3      | Gained mutation: You have a small tail. [demonic ancestry]
  2445 | D:3      | Reached XP level 6. HP: 26/46 MP: 6/6
  2501 | D:3      | Reached skill level 5 in Axes
  2518 | D:3      | Noticed Natasha
  2522 | D:3      | Killed Natasha
  3163 | D:5      | Entered Level 5 of the Dungeon
  3214 | D:4      | Gained mutation: You are mostly covered in sharp spines.
                  | [demonic ancestry]
  3214 | D:4      | Reached XP level 7. HP: 49/51 MP: 7/7
  3294 | D:4      | Reached skill level 6 in Axes
  3413 | D:4      | Noticed Robin
  3422 | D:4      | Killed Robin
  3521 | D:4      | Noticed Blork the orc
  3529 | D:4      | Killed Blork the orc
  4174 | D:6      | You fall into a shaft and drop 3 floors!
  4176 | D:9      | Found a shimmering altar of Xom.
  4189 | D:9      | Found a shimmering altar of Xom.
  4189 | D:9      | Found a shimmering altar of Xom.
  4209 | D:9      | Reached XP level 8. HP: 46/58 MP: 8/8
  4240 | D:9      | Reached skill level 7 in Axes
  4594 | D:7      | Reached skill level 8 in Axes
  5093 | D:6      | Reached skill level 5 in Armour
  5100 | D:6      | Gained mutation: You have a tail ending in a sharp stinger.
                  | [demonic ancestry]
  5100 | D:6      | Reached XP level 9. HP: 66/66 MP: 9/9
  6148 | D:6      | Reached skill level 5 in Fighting
  6148 | D:6      | Reached skill level 9 in Axes
  6344 | D:7      | Identified a scroll of acquirement
  6344 | D:7      | Acquired a +1 vorpal executioner's axe
  6480 | D:7      | Found a staircase to the Ecumenical Temple.
  6538 | Temple   | Entered the Ecumenical Temple
  6606 | Temple   | Became a worshipper of Qazlal Stormbringer
  7483 | D:9      | Found Zexealo's Assorted Antiques.
  7487 | D:9      | Bought a scroll of identify for 58 gold pieces
  7494 | D:9      | Paralysed by a hornet for 3 turns
  7499 | D:9      | Reached skill level 10 in Axes
  7640 | D:8      | Found a transporter.
  7640 | D:8      | Found a transporter.
  7643 | D:8      | Noticed a two-headed ogre
  7643 | D:8      | Noticed a troll
  7644 | D:8      | Noticed a two-headed ogre
  7662 | D:8      | Reached * piety under Qazlal
  7715 | D:8      | Found an ornate altar of the Wu Jian Council.
  7750 | D:8      | Reached XP level 10. HP: 74/75 MP: 10/10
  7914 | D:8      | Found a staircase to the Lair.
  8208 | D:8      | Reached skill level 1 in Invocations
  8226 | D:8      | Found a shadowy altar of Dithmenos.
  8410 | D:8      | Reached skill level 1 in Stealth
  8410 | D:8      | Reached skill level 1 in Evocations
  8616 | D:8      | Killed a two-headed ogre
  9023 | D:8      | Killed a two-headed ogre
  9199 | D:8      | Reached skill level 11 in Axes
  9368 | D:9      | Reached ** piety under Qazlal
  9411 | D:9      | Noticed Psyche
  9418 | D:9      | Killed Psyche
  9528 | D:10     | Entered Level 10 of the Dungeon
  9998 | D:9      | Noticed a two-headed ogre
 10005 | D:9      | Killed a two-headed ogre
 10006 | D:9      | Gained mutation: You have a sharp stinger which inflicts
                  | weakening toxins. [demonic ancestry]
 10006 | D:9      | Reached XP level 11. HP: 49/83 MP: 14/14
 10509 | D:10     | Found an iron altar of Okawaru.
 10694 | D:10     | Noticed a two-headed ogre
 10701 | D:10     | Killed a two-headed ogre
 10702 | D:10     | Reached skill level 5 in Invocations
 10951 | D:10     | Noticed a two-headed ogre
 10960 | D:10     | Killed a two-headed ogre
 11500 | D:11     | Noticed Harold
 11501 | D:11     | Noticed a red ugly thing
 11507 | D:11     | Mangled by a red ugly thing

Illustrated notes

Levels and vault maps discovered:
D:1:      evilmike_arrival_fibonacci_small, layout_basic
D:2:      minmay_evil_eye, layout_basic, ebering_ecumenical_altar_webs,
          eino_tiny_chamber
D:3:      layout_rooms, minmay_misc_feat_iff, uniq_ijyb, uniq_natasha
D:4:      layout_gridville, chequers_serial_rivers_micro_b,
          serial_bayou_lagoon_b, uniq_robin, uniq_blork_the_orc
D:5:      layout_layer_cave, minmay_gold_behind_fungi
D:6:      layout_loops_ring
D:7:      layout_basic, minmay_temple_entry_drinking_statues, enter_bailey_5
D:8:      gammafunk_beogh_shrine, layout_loops_ring,
          pdpol_wu_jian_five_deadly_venoms, lemuel_coloured_pillars_altar,
          grunt_lair_entry_orc_guard_hut, minmay_crystal_water
D:9:      layout_basic, xom_redecorated, serial_shops, shop, grunt_ministairs_6,
          uniq_psyche
D:10:     layout_grid_maze, okawaru_ov_weapons_minmay, moated_statue
D:11:     layout_basic, serial_shops, nicolae_shop_advertising_works
          [nicolae_subvault_shop_adworks], nicolae_inconvenience_store,
          uniq_harold
Temple:   hc_temple_tempest_star

Skill      XL: |  1  2  3  4  5  6  7  8  9 10 11 |
---------------+----------------------------------+-----
Axes           | 3 4 5 6 8 10 11 | 11.5
Throwing       | 2 3 |  3.1
Dodging        | 3 |  3.7
Armour         | 1 2 3 5 6 7 |  7.5
Fighting       | 3 4 5 6 |  6.7
Invocations    | 4 5 |  5.2
Stealth        | 1 |  1.0
Evocations     | 3 4 |  4.1
Shields        | |  0.6
Unarmed Combat | |  0.2

Action                   |  1- 3 |  4- 6 |  7- 9 | 10-12 || total
-------------------------+-------+-------+-------+-------++-------
Melee: War axe           |    60 |    87 |   151 |       ||   298
       Kick              |       |    29 |    62 |    36 ||   127
       Tailslap          |       |     3 |    28 |    19 ||    50
       Unarmed           |       |     1 |       |       ||     1
       Punch             |       |       |     3 |       ||     3
       Executioner's axe |       |       |    47 |   105 ||   152
Throw: Javelin           |     2 |     1 |     2 |       ||     5
       Boomerang         |       |       |     3 |     4 ||     7
       Dart              |       |       |     2 |    10 ||    12
Evoke: Wand              |       |       |     1 |       ||     1
  Use: Potion            |     1 |     3 |     2 |     6 ||    12
       Scroll            |     1 |     9 |     8 |     3 ||    21
Armor: Leather armour    |    19 |       |       |       ||    19
       Chain mail        |       |    17 |       |       ||    17
       Storm dragon scal |       |    40 |   109 |    70 ||   219
       Skin              |       |       |       |     5 ||     5
Dodge: Dodged            |    46 |    39 |    86 |    56 ||   227
Block: Other             |       |       |       |    11 ||    11

Table legend: (Time is in decaauts)
 A = Elapsed time spent in this place.
 B = Non-inter-level travel time spent in this place.
 C = Inter-level travel time spent in this place.
 D = Time resting spent in this place.
 E = Time spent auto-exploring this place.
 F = Levels seen in this place.
 G = Mean time per level.
                   A        B        C        D        E       F      G
               +--------+--------+--------+--------+--------+-----+--------+
         Total |  11680 |  11437 |    243 |   1486 |   6524 |  12 |  973.3 |
       Dungeon |  11572 |  11329 |    243 |   1486 |   6473 |  11 | 1052.0 |
        Temple |    107 |    107 |      0 |      0 |     51 |   1 |  107.0 |
               +--------+--------+--------+--------+--------+-----+--------+

Top non-repeatable levels by time:
     D:8: 2314 daAuts
     D:2: 1520 daAuts
     D:9: 1477 daAuts
     D:7: 1152 daAuts
    D:10: 1029 daAuts
     D:4: 1028 daAuts
     D:3: 887 daAuts
     D:1: 772 daAuts
     D:6: 730 daAuts
     D:5: 646 daAuts
  Temple: 107 daAuts
    D:11: 13 daAuts
